General information
- name: BNet
- type: Ladder team game (AT/RT)
- host: Battle.net
- saver: GoodOldDays
map: Deadlock
- players: 8
- length: 54:56
- speed: Fast
- version: 1.26 W3XP
- replay type: Public
» download(288 KB)
Players
team 1 (loser)
NOSKiLLNEEDED_ (
red | 53 APM | 798 actions | 15:01)
3 Blademaster
2 Wind Walk
1 Critical Strike
2 Tauren Chieftain
1 Endurance Aura
1 War Stomp
» actions
| Basic commands | 97 | |
| Build / train | 54 | |
| Enter build submenu | 18 | |
| Enter hero's abilities submenu | 5 | |
| Right click | 415 | |
| Select / deselect | 178 | |
| Use ability | 31 | |
798 total
» units
| Peon | 12 | |
| Grunt | 6 | |
| Tauren | 4 | |
| Troll Witch Doctor | 3 | |
25 total
» upgrades
| Witch Doctor Training | 2 | |
| Armor | 1 | |
| Pillage | 1 | |
| Reinforced Defenses | 1 | |
| Pulverize | 1 | |
6 total
» buildings
| Altar of Storms | 1 | |
| Orc Burrow | 8 | |
| Barracks | 1 | |
| Voodoo Lounge | 1 | |
| Stronghold | 5 | |
| War Mill | 1 | |
| Fortress | 2 | |
| Spirit Lodge | 1 | |
| Great Hall | 1 | |
| Tauren Totem | 2 | |
| Beastiary | 2 | |
25 total
» build order
00:18 Altar of Storms
00:34 Orc Burrow
00:49 Barracks
01:38 Orc Burrow
01:50 Voodoo Lounge
02:56 Orc Burrow
03:31 Stronghold
03:32 Stronghold
03:32 Stronghold
04:37 War Mill
05:10 Orc Burrow
06:05 Fortress
06:07 Spirit Lodge
06:21 Orc Burrow
07:47 Great Hall
08:32 Tauren Totem
08:33 Tauren Totem
10:22 Orc Burrow
12:13 Orc Burrow
13:57 Beastiary
14:00 Beastiary
14:03 Orc Burrow
» items
| Healing Salve | 1 | |
| Potion of Healing | 1 | |
2 total

»
AUDUSD (
purple | 37 APM | 1952 actions | 53:01)
8 Keeper of the Grove
3 Entangling Roots
3 Thorns Aura
1 Tranquility
1 Force of Nature
1 Demon Hunter
1 Evasion
» actions
| Assign group hotkey | 65 | |
| Basic commands | 53 | |
| Build / train | 97 | |
| ESC pressed | 4 | |
| Enter build submenu | 17 | |
| Enter hero's abilities submenu | 9 | |
| Give item / drop item | 9 | |
| Right click | 534 | |
| Select / deselect | 414 | |
| Select group hotkey | 636 | |
| Use ability | 114 | |
1952 total
» units
| Wisp | 18 | |
| Huntress | 5 | |
| Druid of the Talon | 6 | |
| Glaive Thrower | 2 | |
| Hippogryph | 7 | |
| Shaman | 1 | |
| Tauren | 5 | |
| Kodo Beast | 1 | |
| Troll Batrider | 11 | |
56 total
» upgrades
| Moon Armor | 1 | |
| Reinforced Hides | 1 | |
| Improved Bows | 1 | |
| Sentinel | 1 | |
| Druid of the Talon Training | 2 | |
| Strength of the Wild | 3 | |
| Mark of the Talon | 1 | |
| Shaman Training | 1 | |
| Spirit Walker Training | 1 | |
12 total
» buildings
| Moon Well | 8 | |
| Altar of Elders | 1 | |
| Hunter's Hall | 1 | |
| Ancient of War | 2 | |
| Tree of Ages | 1 | |
| Tree of Eternity | 1 | |
| Ancient of Wind | 3 | |
| Tree of Life | 2 | |
19 total
» build order
00:10 Moon Well
00:15 Altar of Elders
01:25 Hunter's Hall
02:04 Ancient of War
02:07 Ancient of War
02:47 Moon Well
02:52 Moon Well
03:25 Moon Well
03:46 Moon Well
04:29 Moon Well
05:34 Tree of Ages
05:43 Moon Well
08:24 Tree of Eternity
08:28 Ancient of Wind
08:32 Ancient of Wind
08:35 Ancient of Wind
10:33 Moon Well
21:15 Tree of Life
26:33 Tree of Life
» items
| Scroll of Town Portal | 3 | |
| Periapt of Vitality | 1 | |
| Scroll of Protection | 1 | |
| Healing Salve | 2 | |
| Potion of Invisibility | 1 | |
| Boots of Speed | 1 | |
| Staff of Teleportation | 1 | |
10 total
m0000 (
green | 90 APM | 1435 actions | 16:00)
4 Demon Hunter
2 Mana Burn
2 Evasion
2 Naga Sea Witch
1 Frost Arrows
1 Forked Lightning
» actions
| Assign group hotkey | 32 | |
| Basic commands | 131 | |
| Build / train | 63 | |
| Enter build submenu | 16 | |
| Enter hero's abilities submenu | 6 | |
| Right click | 530 | |
| Select / deselect | 196 | |
| Select group hotkey | 419 | |
| Use ability | 42 | |
1435 total
» units
| Wisp | 23 | |
| Archer | 5 | |
| Dryad | 7 | |
| Druid of the Claw | 1 | |
36 total
» upgrades
| Abolish Magic | 1 | |
| Druid of the Claw Training | 2 | |
3 total
» buildings
| Altar of Elders | 1 | |
| Moon Well | 5 | |
| Ancient of War | 1 | |
| Tree of Ages | 2 | |
| Tree of Life | 2 | |
| Hunter's Hall | 1 | |
| Ancient of Wonders | 1 | |
| Ancient of Lore | 2 | |
| Tree of Eternity | 3 | |
| Ancient Protector | 1 | |
19 total
» build order
00:09 Altar of Elders
00:19 Moon Well
00:49 Ancient of War
01:30 Moon Well
01:55 Moon Well
03:08 Tree of Ages
03:20 Moon Well
04:06 Tree of Life
04:46 Hunter's Hall
04:59 Ancient of Wonders
05:51 Ancient of Lore
07:04 Ancient of Lore
08:17 Tree of Eternity
08:17 Tree of Eternity
08:17 Tree of Eternity
09:30 Tree of Life
09:51 Moon Well
09:52 Ancient Protector
» items
| Potion of Healing | 4 | |
| Staff of Preservation | 1 | |
| Scroll of Town Portal | 3 | |
8 total
GoodOldDays (
yellow | 91 APM | 4995 actions | 54:56)
10 Mountain King
3 Storm Bolt
3 Thunder Clap
1 Avatar
3 Bash
» actions
| Assign group hotkey | 131 | |
| Basic commands | 306 | |
| Build / train | 233 | |
| ESC pressed | 30 | |
| Enter build submenu | 75 | |
| Enter hero's abilities submenu | 10 | |
| Give item / drop item | 9 | |
| Right click | 1835 | |
| Select / deselect | 677 | |
| Select group hotkey | 1292 | |
| Use ability | 397 | |
4995 total
» units
| Peasant | 27 | |
| Footman | 7 | |
| Mortar Team | 11 | |
| Siege Engine | 8 | |
| Gryphon Rider | 10 | |
| Dragonhawk Rider | 2 | |
65 total
» upgrades
| Masonry | 3 | |
| Swords | 3 | |
| Gunpowder | 4 | |
| Armor | 3 | |
| Plating | 3 | |
| Barrage | 1 | |
| Lumber Harvesting | 2 | |
| Storm Hammers | 1 | |
| Animal War Training | 1 | |
| Fragmentation Shards | 1 | |
| Cloud | 1 | |
| Backpack | 1 | |
| Long Rifles | 1 | |
| Defend | 1 | |
26 total
» buildings
| Altar of Kings | 1 | |
| Barracks | 1 | |
| Farm | 14 | |
| Arcane Vault | 1 | |
| Lumber Mill | 2 | |
| Town Hall | 4 | |
| Scout Tower | 37 | |
| Keep | 2 | |
| Guard Tower | 68 | |
| Blacksmith | 1 | |
| Gryphon Aviary | 6 | |
| Workshop | 4 | |
| Castle | 2 | |
143 total
» build order
00:51 Altar of Kings
00:52 Barracks
00:54 Farm
01:03 Farm
01:24 Farm
01:53 Arcane Vault
01:59 Lumber Mill
02:13 Farm
02:55 Farm
04:06 Town Hall
05:08 Scout Tower
05:09 Scout Tower
05:10 Scout Tower
05:23 Keep
05:23 Keep
05:38 Guard Tower
05:41 Guard Tower
05:41 Guard Tower
05:44 Guard Tower
05:44 Guard Tower
05:44 Guard Tower
05:55 Scout Tower
05:56 Scout Tower
06:04 Scout Tower
06:07 Scout Tower
06:26 Blacksmith
06:31 Guard Tower
06:50 Guard Tower
06:50 Guard Tower
06:50 Guard Tower
08:23 Gryphon Aviary
08:29 Workshop
08:32 Workshop
09:35 Workshop
09:37 Workshop
10:16 Castle
11:46 Town Hall
11:47 Scout Tower
11:48 Scout Tower
11:49 Scout Tower
12:02 Scout Tower
12:30 Guard Tower
12:30 Guard Tower
12:48 Guard Tower
12:49 Guard Tower
12:56 Guard Tower
12:57 Scout Tower
12:59 Scout Tower
13:02 Scout Tower
13:05 Scout Tower
13:07 Scout Tower
13:10 Scout Tower
13:33 Guard Tower
14:25 Guard Tower
14:25 Guard Tower
14:27 Guard Tower
14:27 Guard Tower
16:14 Scout Tower
16:16 Scout Tower
16:19 Scout Tower
16:21 Scout Tower
16:52 Guard Tower
16:53 Guard Tower
16:53 Guard Tower
17:14 Guard Tower
17:14 Guard Tower
17:14 Guard Tower
17:15 Guard Tower
17:16 Guard Tower
17:16 Guard Tower
18:09 Scout Tower
18:10 Scout Tower
18:11 Scout Tower
18:12 Scout Tower
18:17 Scout Tower
18:18 Scout Tower
18:48 Guard Tower
18:49 Guard Tower
18:49 Guard Tower
18:49 Guard Tower
18:49 Guard Tower
19:43 Guard Tower
19:43 Guard Tower
21:23 Town Hall
26:01 Town Hall
26:42 Gryphon Aviary
26:44 Gryphon Aviary
27:40 Gryphon Aviary
28:56 Lumber Mill
33:19 Farm
33:20 Farm
34:15 Guard Tower
34:15 Guard Tower
34:15 Guard Tower
34:17 Guard Tower
34:17 Guard Tower
34:17 Guard Tower
34:17 Guard Tower
34:18 Guard Tower
34:27 Scout Tower
34:30 Scout Tower
34:31 Scout Tower
34:34 Scout Tower
34:38 Scout Tower
34:39 Scout Tower
34:40 Scout Tower
34:41 Scout Tower
34:43 Scout Tower
34:46 Scout Tower
39:33 Gryphon Aviary
39:34 Gryphon Aviary
40:24 Guard Tower
40:25 Guard Tower
41:22 Farm
41:23 Farm
41:25 Farm
45:26 Guard Tower
45:43 Farm
45:49 Farm
45:55 Farm
46:22 Farm
» items
| Scroll of Regeneration | 10 | |
| Lesser Clarity Potion | 8 | |
| Scroll of Town Portal | 6 | |
| Potion of Healing | 4 | |
| Staff of Teleportation | 1 | |
| Potion of Mana | 3 | |
32 total
team 2 (winner)

»
catscratchfever (
orange | 65 APM | 1606 actions | 24:35)
3 Demon Hunter
2 Evasion
1 Mana Burn
2 Keeper of the Grove
1 Entangling Roots
1 Force of Nature
1 Priestess of the Moon
1 Trueshot Aura
» actions
| Assign group hotkey | 31 | |
| Basic commands | 218 | |
| Build / train | 92 | |
| Enter build submenu | 30 | |
| Enter hero's abilities submenu | 6 | |
| Right click | 450 | |
| Select / deselect | 454 | |
| Select group hotkey | 244 | |
| Use ability | 81 | |
1606 total
» units
| Wisp | 22 | |
| Archer | 22 | |
| Huntress | 9 | |
| Dryad | 9 | |
| Chimaera | 3 | |
| Druid of the Talon | 3 | |
| Hippogryph | 4 | |
72 total
» upgrades
| Strength of the Moon | 4 | |
| Moon Armor | 1 | |
| Improved Bows | 1 | |
| Upgrade Moon Glaive | 1 | |
| Corrosive Breath | 1 | |
| Strength of the Wild | 1 | |
| Druid of the Talon Training | 1 | |
10 total
» buildings
| Altar of Elders | 1 | |
| Ancient of War | 1 | |
| Moon Well | 14 | |
| Tree of Life | 2 | |
| Hunter's Hall | 1 | |
| Tree of Ages | 1 | |
| Tree of Eternity | 1 | |
| Ancient of Wind | 2 | |
| Ancient of Lore | 5 | |
28 total
» build order
00:08 Altar of Elders
00:10 Ancient of War
00:21 Moon Well
02:43 Moon Well
02:45 Moon Well
04:07 Tree of Life
04:43 Hunter's Hall
05:17 Moon Well
05:20 Moon Well
07:25 Tree of Ages
07:42 Tree of Eternity
08:25 Ancient of Wind
08:26 Ancient of Lore
08:28 Ancient of Wind
10:38 Ancient of Lore
10:39 Ancient of Lore
10:56 Moon Well
10:56 Moon Well
11:03 Moon Well
11:06 Moon Well
11:07 Moon Well
11:09 Moon Well
11:10 Moon Well
12:23 Tree of Life
13:42 Moon Well
13:43 Moon Well
20:08 Ancient of Lore
20:09 Ancient of Lore
dhck (
teal | 102 APM | 627 actions | 06:09)
2 Priestess of the Moon
1 Scout
1 Trueshot Aura
» actions
| Assign group hotkey | 14 | |
| Basic commands | 11 | |
| Build / train | 47 | |
| ESC pressed | 2 | |
| Enter build submenu | 17 | |
| Enter hero's abilities submenu | 2 | |
| Right click | 203 | |
| Select / deselect | 99 | |
| Select group hotkey | 209 | |
| Use ability | 23 | |
627 total
» units
» buildings
| Altar of Elders | 1 | |
| Moon Well | 2 | |
| Ancient of War | 2 | |
| Tree of Life | 1 | |
| Tree of Ages | 5 | |
| Ancient of Wonders | 1 | |
| Hunter's Hall | 1 | |
13 total
» build order
00:15 Altar of Elders
00:19 Moon Well
00:40 Ancient of War
01:37 Moon Well
02:53 Tree of Life
03:54 Tree of Ages
03:55 Tree of Ages
03:55 Tree of Ages
04:02 Ancient of Wonders
04:10 Ancient of War
04:30 Hunter's Hall
KUKOMONGA (
blue | 42 APM | 2253 actions | 53:39)
8 Mountain King
3 Storm Bolt
3 Bash
1 Avatar
1 Thunder Clap
» actions
| Basic commands | 186 | |
| Build / train | 145 | |
| Enter build submenu | 58 | |
| Enter hero's abilities submenu | 8 | |
| Give item / drop item | 1 | |
| Remove unit from queue | 1 | |
| Right click | 1095 | |
| Select / deselect | 625 | |
| Use ability | 134 | |
2253 total
» units
| Peasant | 20 | |
| Footman | 13 | |
| Knight | 18 | |
| Spell Breaker | 10 | |
| Mortar Team | 5 | |
| Priest | 2 | |
| Siege Engine | 3 | |
| Flying Machine | 4 | |
75 total
» upgrades
| Defend | 1 | |
| Masonry | 3 | |
| Plating | 3 | |
| Swords | 3 | |
| Animal War Training | 1 | |
| Lumber Harvesting | 2 | |
| Control Magic | 1 | |
| Magic Sentry | 1 | |
| Fragmentation Shards | 1 | |
| Barrage | 1 | |
| Gunpowder | 2 | |
| Priest Training | 1 | |
20 total
» buildings
| Farm | 14 | |
| Barracks | 2 | |
| Altar of Kings | 1 | |
| Arcane Vault | 2 | |
| Scout Tower | 21 | |
| Arcane Tower | 1 | |
| Lumber Mill | 2 | |
| Keep | 1 | |
| Blacksmith | 1 | |
| Guard Tower | 15 | |
| Town Hall | 2 | |
| Castle | 1 | |
| Arcane Sanctum | 1 | |
| Workshop | 8 | |
| Cannon Tower | 2 | |
74 total
» build order
00:23 Farm
00:40 Barracks
01:06 Altar of Kings
01:39 Farm
02:21 Farm
02:30 Arcane Vault
02:33 Scout Tower
03:00 Farm
03:23 Arcane Tower
03:29 Scout Tower
03:31 Scout Tower
04:35 Lumber Mill
05:09 Keep
05:14 Blacksmith
06:21 Guard Tower
07:26 Farm
09:26 Town Hall
09:27 Scout Tower
09:28 Scout Tower
09:28 Scout Tower
09:31 Scout Tower
09:32 Scout Tower
09:35 Scout Tower
09:51 Scout Tower
10:08 Guard Tower
10:11 Scout Tower
10:13 Scout Tower
10:14 Scout Tower
10:19 Scout Tower
10:30 Castle
10:42 Guard Tower
10:46 Guard Tower
10:46 Guard Tower
11:02 Scout Tower
11:14 Guard Tower
11:17 Scout Tower
11:30 Guard Tower
12:58 Arcane Sanctum
13:02 Guard Tower
13:07 Barracks
13:11 Guard Tower
13:12 Guard Tower
14:22 Farm
14:23 Farm
14:36 Farm
15:29 Farm
15:31 Farm
16:04 Lumber Mill
16:53 Farm
16:57 Farm
23:46 Workshop
23:47 Workshop
23:54 Scout Tower
24:31 Guard Tower
24:32 Guard Tower
31:48 Scout Tower
32:49 Town Hall
32:50 Cannon Tower
32:52 Scout Tower
32:53 Scout Tower
32:54 Scout Tower
34:20 Guard Tower
40:50 Workshop
40:51 Workshop
40:52 Workshop
41:03 Workshop
41:05 Workshop
41:36 Workshop
45:38 Farm
47:02 Farm
48:14 Arcane Vault
» items
| Scroll of Regeneration | 1 | |
| Lesser Clarity Potion | 3 | |
| Scroll of Town Portal | 5 | |
| Orb of Fire | 1 | |
| Potion of Healing | 1 | |
| Boots of Speed | 1 | |
12 total
PHILIP-SEYHOFMN (
pink | 61 APM | 3344 actions | 54:56)
6 Archmage
3 Summon Water Elemental
2 Brilliance Aura
1 Mass Teleport
6 Mountain King
3 Storm Bolt
2 Bash
1 Avatar
» actions
| Assign group hotkey | 57 | |
| Basic commands | 201 | |
| Build / train | 101 | |
| Enter build submenu | 30 | |
| Enter hero's abilities submenu | 12 | |
| Give item / drop item | 1 | |
| Right click | 1384 | |
| Select / deselect | 367 | |
| Select group hotkey | 1017 | |
| Use ability | 174 | |
3344 total
» units
| Peasant | 22 | |
| Footman | 6 | |
| Druid of the Talon | 3 | |
| Gryphon Rider | 8 | |
| Dragonhawk Rider | 2 | |
41 total
» upgrades
| Lumber Harvesting | 1 | |
| Masonry | 3 | |
| Druid of the Talon Training | 1 | |
| Storm Hammers | 1 | |
| Swords | 2 | |
| Animal War Training | 1 | |
| Armor | 2 | |
| Cloud | 1 | |
12 total
» buildings
| Altar of Kings | 1 | |
| Barracks | 1 | |
| Farm | 12 | |
| Scout Tower | 19 | |
| Arcane Tower | 2 | |
| Lumber Mill | 1 | |
| Arcane Vault | 1 | |
| Town Hall | 4 | |
| Keep | 1 | |
| Guard Tower | 10 | |
| Castle | 1 | |
| Gryphon Aviary | 5 | |
| Chimaera Roost | 3 | |
| Blacksmith | 1 | |
62 total
» build order
00:12 Altar of Kings
00:21 Barracks
00:36 Farm
00:50 Farm
01:35 Farm
01:44 Scout Tower
02:29 Arcane Tower
02:55 Lumber Mill
03:04 Farm
03:53 Arcane Vault
04:12 Town Hall
04:26 Scout Tower
05:05 Arcane Tower
05:17 Keep
05:36 Scout Tower
05:37 Scout Tower
05:37 Scout Tower
05:38 Scout Tower
06:07 Guard Tower
06:10 Guard Tower
06:17 Scout Tower
06:18 Scout Tower
06:19 Scout Tower
06:31 Scout Tower
06:31 Scout Tower
06:38 Scout Tower
06:38 Scout Tower
06:48 Guard Tower
07:07 Scout Tower
07:07 Scout Tower
07:22 Guard Tower
08:18 Guard Tower
08:21 Guard Tower
09:14 Castle
09:48 Gryphon Aviary
09:48 Gryphon Aviary
09:56 Gryphon Aviary
10:14 Chimaera Roost
10:14 Chimaera Roost
10:15 Chimaera Roost
10:26 Farm
10:27 Farm
10:27 Farm
10:53 Gryphon Aviary
11:47 Farm
11:47 Farm
12:05 Blacksmith
13:27 Guard Tower
14:15 Scout Tower
14:15 Scout Tower
14:15 Scout Tower
14:15 Scout Tower
15:13 Guard Tower
15:20 Farm
15:21 Farm
16:28 Town Hall
16:47 Town Hall
17:23 Gryphon Aviary
24:07 Farm
36:35 Town Hall
» items
| Scroll of Regeneration | 4 | |
| Scroll of Town Portal | 5 | |
| Staff of Sanctuary | 1 | |
| Ivory Tower | 3 | |
| Staff of Teleportation | 2 | |
| Potion of Healing | 1 | |
| Orb of Fire | 1 | |
| Potion of Lesser Invulnerability | 1 | |
18 total
Chat log
(00:17 / All) catscratchfever: 94.122.181.243
(00:18 / All) catscratchfever: 94.122.181.243
(00:27 / All) catscratchfever: likes to try to nuke ppl
(00:30 / All) catscratchfever: 94.122.181.243
(00:31 / All) catscratchfever: 94.122.181.243
(00:41 / All) GoodOldDays: 127.0.0.1
(00:43 / All) catscratchfever: thats not mine dude
(00:44 / All) GoodOldDays: nuke that ip
(00:52 / All) catscratchfever: thats the idiot who tried to nuke me at 4 pm today
(00:59 / All) PHILIP-SEYHOFMN: why?
(01:02 / All) catscratchfever: 94.122.181.243
(01:03 / All) catscratchfever: 94.122.181.243
(01:06 / All) catscratchfever: i dont fucking know
(01:07 / All) GoodOldDays: 127.0.0.1
(01:09 / All) GoodOldDays: 127.0.0.1
(01:12 / All) GoodOldDays: Nuke that IP
(01:15 / All) catscratchfever: rofl
(01:18 / All) GoodOldDays: set your ddos botnet you bought to it
(01:24 / All) m0000: )
(01:32 / All) catscratchfever: drop hack me so i know urs
(01:39 / All) catscratchfever: 94.122.181.243 tried to crash my system tho
(05:31 / Allies) NOSKiLLNEEDED_: lets hit
(06:00 / Allies) m0000: woodplz
(06:09 / All) GoodOldDays: quit wc3
(06:38 / All) NOSKiLLNEEDED_: are u guys like butt fucking eachother aroudn the map or what
(08:13 / Allies) GoodOldDays: don't lure them to the bot mid what the fuck man
(08:19 / Allies) GoodOldDays: I was trying to take that you stupid piece of shit
(08:28 / Allies) m0000: stfu
(08:34 / Allies) m0000: fucking goof
(08:40 / Allies) GoodOldDays: You fucked my expo bitch
(08:46 / Allies) GoodOldDays: Cut that tone or I'll fuck your base
(08:47 / Allies) m0000: stfu noob
(08:57 / All) GoodOldDays: Green is a dumb rowdy bitch
(09:11 / Allies) m0000: rofl
(09:15 / Allies) m0000: ur so bad dude
(09:26 / Allies) GoodOldDays: lol
(10:40 / Allies) NOSKiLLNEEDED_: so many archers
(10:41 / Allies) NOSKiLLNEEDED_: yum
(10:53 / Allies) GoodOldDays: Don't lure them to my expo this time you stupid bitch
(11:18 / All) GoodOldDays: lol
(11:20 / All) GoodOldDays: green is mad
(11:23 / All) GoodOldDays: Trying to tk my hero
(11:27 / All) catscratchfever: goodolddays try that shit on me
(11:28 / All) GoodOldDays: He sucks ass and couldn't get it if he wanted to
(11:33 / All) catscratchfever: i want ur ip for ruining game
(11:51 / All) catscratchfever: oh ur disc hack is retarded it hit random player eh
(12:34 / Allies) GoodOldDays: wood
(12:54 / Allies) GoodOldDays: ty
(13:46 / Allies) m0000: so bad
(14:01 / Allies) GoodOldDays: lawl I thought I had that
(15:57 / Allies) m0000: zzz
(15:59 / Allies) m0000: trash noob
(16:27 / All) GoodOldDays: I was trying to go 50 food invisimortar and had to deal with a tker
(16:39 / All) catscratchfever: what ?
(16:46 / All) catscratchfever: who was tking u ?
(16:48 / All) GoodOldDays: Green
(16:51 / All) GoodOldDays: He was a bitchj
(16:57 / All) catscratchfever: dude
(16:59 / All) GoodOldDays: I had an expo at bot mid
(17:02 / All) GoodOldDays: I was trying to make
(17:02 / All) catscratchfever: 4s is a madhouse dont feel bad
(17:08 / All) GoodOldDays: and his army lured all of yours to it
(17:13 / All) GoodOldDays: I insulted him and he got pissed
(17:18 / All) catscratchfever: i dont care if i get disc hacked either that guy tried to icbm me
(17:31 / All) catscratchfever: 94.122.181.243
(18:45 / All) GoodOldDays: I hate facing so many NE if they go dryads and shit, immune to everything and boring to counter
(20:31 / All) catscratchfever: pink is backstabbing
(20:40 / All) PHILIP-SEYHOFMN: no im not
(20:44 / All) catscratchfever: yeah u fucking are
(20:58 / All) AUDUSD: It is good to know
(21:17 / All) catscratchfever: im playing 4v4 on spoof from now on
(21:21 / All) catscratchfever: this is retard fest
(21:24 / All) GoodOldDays: lawl
(21:30 / Allies) GoodOldDays: ty
(23:31 / All) KUKOMONGA: hmmm
(24:03 / All) catscratchfever: pink is retard
(24:09 / All) catscratchfever: he trying to fight u guys now lol
(24:12 / All) GoodOldDays: I think you're retard
(24:18 / All) catscratchfever: so he kills own buildings cuz he such a pussy
(25:07 / All) GoodOldDays: I don't know why Ne buildings can't attack tanks
(25:08 / All) PHILIP-SEYHOFMN: game could have been much better
(25:18 / All) GoodOldDays: Green was a rowdy bitch
(27:59 / All) PHILIP-SEYHOFMN: LEAVE HOMos
(28:09 / All) GoodOldDays: Just blue and audusd
(29:36 / All) PHILIP-SEYHOFMN: where u going greeny
(29:47 / All) PHILIP-SEYHOFMN: teal fucking ruined this game
(29:49 / All) PHILIP-SEYHOFMN: by leaving
(31:22 / All) PHILIP-SEYHOFMN: ill let red revise his tc
(31:36 / All) GoodOldDays: I wasn't paying attention at all there
(31:44 / All) GoodOldDays: I should have paid some so I didn't have to tp and find my MK low hp
(31:48 / All) PHILIP-SEYHOFMN: im gonna whisper him i think he was hacking
(33:52 / All) PHILIP-SEYHOFMN: standoff?
(33:58 / All) GoodOldDays: Looks like it
(34:22 / All) PHILIP-SEYHOFMN: good night sweet bambi
(34:45 / All) PHILIP-SEYHOFMN: i feel bad for blue
(34:47 / All) PHILIP-SEYHOFMN: i like him
(35:00 / All) GoodOldDays: He was a warrior this round, hopefully he'll be one the next
(35:04 / All) KUKOMONGA: a/s/l
(35:06 / All) PHILIP-SEYHOFMN: he has
(35:09 / All) AUDUSD: But You have to kill him right ?
(35:10 / All) PHILIP-SEYHOFMN: a history with kodos_forsaken
(35:12 / All) PHILIP-SEYHOFMN: blue does
(35:20 / All) KUKOMONGA: nor so much
(35:27 / All) KUKOMONGA: used to at with him like 10 years ago
(35:37 / All) KUKOMONGA: before he was a wc "god"
(36:26 / All) PHILIP-SEYHOFMN: mistake
(36:36 / All) GoodOldDays: That tp with air fucked my targeting
(36:44 / All) PHILIP-SEYHOFMN: i know
(36:47 / All) PHILIP-SEYHOFMN: i meant to cloud the towers
(38:11 / All) AUDUSD: lol
(38:22 / All) AUDUSD: Blue is getting killed
(38:34 / All) KUKOMONGA: pink bs
(38:39 / All) PHILIP-SEYHOFMN: mistake man
(38:44 / All) AUDUSD: Blue
(38:55 / All) AUDUSD: You should TK first before you get killed
(39:13 / All) PHILIP-SEYHOFMN: he cant touch me lol
(39:23 / All) GoodOldDays: you killed my peasants
(39:57 / All) AUDUSD: lol
(39:59 / All) AUDUSD: see
(40:01 / All) AUDUSD: blue
(40:07 / All) PHILIP-SEYHOFMN: he knows
(40:11 / All) GoodOldDays: He was trying to mass tp to help
(40:11 / All) PHILIP-SEYHOFMN: audusd noob mass gamer lol
(40:12 / All) GoodOldDays: noob
(40:15 / All) KUKOMONGA: every night
(40:18 / All) AUDUSD: lol
(40:24 / All) AUDUSD: every DAY
(40:25 / All) PHILIP-SEYHOFMN: 4v4rt is survival of fittest
(40:53 / All) PHILIP-SEYHOFMN: ill le tu keep ur mk
(40:54 / All) GoodOldDays: My hotkeys are all fucked this game
(40:55 / All) PHILIP-SEYHOFMN: kukomonga
(41:00 / All) GoodOldDays: I won't
(41:24 / All) KUKOMONGA: yell;ow kilin my alter
(41:45 / All) PHILIP-SEYHOFMN: tav rez
(41:53 / All) GoodOldDays: God damn
(41:56 / All) GoodOldDays: I didn't want him to have that mk
(42:02 / All) PHILIP-SEYHOFMN: he cant do shit lol i have 4 tp staffs
(42:50 / All) AUDUSD: Is blur crying ?
(43:17 / All) AUDUSD: Sad man blue
(43:33 / All) PHILIP-SEYHOFMN: how is it sad
(43:37 / All) PHILIP-SEYHOFMN: mass gamer ausud
(43:43 / All) AUDUSD: lol
(43:47 / All) PHILIP-SEYHOFMN: ill always have beef with u
(43:50 / All) PHILIP-SEYHOFMN: after wut u did 3 yrs ago
(43:56 / All) AUDUSD: lol
(44:09 / All) AUDUSD: I thought it was 7 years ago
(44:11 / All) PHILIP-SEYHOFMN: me and sc2nowc4yes did the same thing me and yellow are doing this game
(44:13 / All) PHILIP-SEYHOFMN: but he had to leave
(44:21 / All) GoodOldDays: I wish these assholes would leave
(44:26 / All) GoodOldDays: they stay forever and we toy with them
(44:26 / All) PHILIP-SEYHOFMN: and alll u had to do, was stay in the game
(44:28 / All) PHILIP-SEYHOFMN: bu tu left
(44:29 / All) GoodOldDays: but it makes absurdly long games
(44:40 / All) PHILIP-SEYHOFMN: um
(44:54 / All) AUDUSD: How many games have you played PINK ?
(44:55 / All) PHILIP-SEYHOFMN: i always
(44:58 / All) PHILIP-SEYHOFMN: expect them
(44:59 / All) PHILIP-SEYHOFMN: to stay
(45:10 / All) AUDUSD: on all servers of battle net
(45:21 / All) PHILIP-SEYHOFMN: i stick to smurfs
(45:22 / All) AUDUSD: NOT Enough dude
(45:32 / All) PHILIP-SEYHOFMN: lol
(45:40 / All) PHILIP-SEYHOFMN: im sure ur an expert
(45:48 / All) AUDUSD: I have played 7k+ game on east, west, asia servers
(46:04 / All) PHILIP-SEYHOFMN: what country are u from
(46:07 / All) GoodOldDays: and you don't show much for it with how you play
(46:11 / All) AUDUSD: Australia
(46:18 / All) GoodOldDays: I'm sorry
(46:27 / All) PHILIP-SEYHOFMN: dont u guys have to pay like 100's of bucks to buy video games
(46:31 / All) PHILIP-SEYHOFMN: i know its really inflated
(46:39 / All) GoodOldDays: buying video games in 2014?
(46:45 / All) AUDUSD: no way
(47:04 / All) AUDUSD: I bought this game 7 years ago
(47:05 / All) PHILIP-SEYHOFMN: gotta kill off one of ur peasants kukomonga lol
(47:43 / All) AUDUSD: just like yellow's name
(47:52 / All) AUDUSD: It is Good Old Days
(47:58 / All) PHILIP-SEYHOFMN: 7 yrs ago
(47:59 / All) PHILIP-SEYHOFMN: was
(48:03 / All) PHILIP-SEYHOFMN: 2007
(48:05 / All) GoodOldDays: Sending free tanks to bottom left I hate this clunky wastes of metal
(48:08 / All) PHILIP-SEYHOFMN: that wasn't the glory days of wc3
(48:23 / All) PHILIP-SEYHOFMN: glory days was 2003-early 2005
(48:33 / All) GoodOldDays: 2007 was 7 years ago? Don't remind me
(48:39 / All) AUDUSD: lol
(48:41 / All) AUDUSD: yes
(48:47 / All) PHILIP-SEYHOFMN: i know it seems not even long ago
(48:55 / All) KUKOMONGA: show that tower
(49:05 / All) GoodOldDays: WC3 is best RTS of all time
(49:07 / All) AUDUSD: Blue is still talking ?
(49:10 / All) GoodOldDays: I wish there was a modern RTS like it
(49:49 / All) AUDUSD: lol Blue
(49:59 / All) PHILIP-SEYHOFMN: inb4 y isnt blue using avatar
(50:00 / All) KUKOMONGA: just wanted some farm animals
(50:03 / All) AUDUSD: I wish I could help blue
(50:08 / All) PHILIP-SEYHOFMN: ok listen up
(50:14 / All) PHILIP-SEYHOFMN: if u guys haven't realized
(50:17 / All) GoodOldDays: I bet they'll instaleave
(50:17 / All) PHILIP-SEYHOFMN: me and yellow are friends
(50:19 / All) PHILIP-SEYHOFMN: this game was rigged
(50:20 / All) KUKOMONGA: i beat these guys the other nbight
(50:26 / All) PHILIP-SEYHOFMN: did u?
(50:27 / All) GoodOldDays: We didn't play the other night
(50:29 / All) KUKOMONGA: yup
(50:29 / All) PHILIP-SEYHOFMN: lots of pple do it
(50:38 / All) PHILIP-SEYHOFMN: wut were there names?
(50:40 / All) GoodOldDays: and we have a 99% success rate
(50:45 / All) AUDUSD: who cares PINK Yellow friends or not
(50:47 / All) KUKOMONGA: dont remember
(50:49 / All) PHILIP-SEYHOFMN: the point is
(50:51 / All) GoodOldDays: Well I did with Bob, maybe it's more like 90% with Jacob
(50:51 / All) PHILIP-SEYHOFMN: purple
(50:54 / All) AUDUSD: Even you are gay couple
(50:57 / All) AUDUSD: its fine
(51:00 / All) PHILIP-SEYHOFMN: we dont care who wins so we're gonna give u a chance at victory
(51:03 / All) PHILIP-SEYHOFMN: its this simple
(51:09 / All) PHILIP-SEYHOFMN: person with best internet connection wins
(51:15 / All) KUKOMONGA: its a game
(51:19 / All) KUKOMONGA: i play to play
(51:30 / All) PHILIP-SEYHOFMN: so y arent u playing
(51:33 / All) AUDUSD: Blue said IT
(51:39 / All) GoodOldDays: You could have left and got playing a lot faster
(51:40 / All) AUDUSD: Blue said it finally
(51:41 / All) GoodOldDays: and saved us time
(51:43 / All) KUKOMONGA: not like i get anything for plauyion
(51:55 / All) KUKOMONGA: w.e
(51:55 / All) PHILIP-SEYHOFMN: y don tu like kodos blue?
(52:03 / All) AUDUSD: Anyway
(52:08 / All) AUDUSD: nice talk to you guys
(52:14 / All) KUKOMONGA: y dont u just hack the server and make u a 100 w/l ratio
(52:16 / All) GoodOldDays: Good seeing another old timer
(52:20 / All) KUKOMONGA: so u look cool
(52:33 / All) PHILIP-SEYHOFMN: audusud usually goes raiders
(52:38 / All) PHILIP-SEYHOFMN: and halls people
(52:44 / All) AUDUSD: It is afternoon in Australia
(52:48 / All) KUKOMONGA: ima mass critters next game
(52:49 / All) AUDUSD: lol
(52:55 / All) KUKOMONGA: im on paid leave
(52:55 / All) AUDUSD: see ya tomorrow
(52:59 / All) GoodOldDays: Pink spells Scottish wrong
(53:03 / All) PHILIP-SEYHOFMN: ur in the army??
(53:04 / All) GoodOldDays: don't expect him to know shit about australia
(53:10 / All) KUKOMONGA: gg kidos
(53:27 / All) GoodOldDays: AUDUSD logged off
(53:28 / All) PHILIP-SEYHOFMN: gg
(53:30 / All) PHILIP-SEYHOFMN: kuko
(53:44 / All) GoodOldDays: Which side getst he loss?
(53:51 / All) PHILIP-SEYHOFMN: lets stats them
(54:04 / All) GoodOldDays: AUDUSD 1871-2050
(54:05 / All) PHILIP-SEYHOFMN: teal has mas gamees and is 100 below 50%
(54:12 / All) GoodOldDays: Red 140-126
(54:19 / All) GoodOldDays: Green 1-2
(54:41 / All) PHILIP-SEYHOFMN: up 2 u, who do u dislike more
(54:49 / All) GoodOldDays: Green was a bitch
(54:53 / All) GoodOldDays: and red has a record too high
(54:55 / All) GoodOldDays: My team gets the loss